 Dungeon Crawl Stone Soup version 0.21.1-1-g345015fe64 (webtiles) character file.

2690 Kohma the Blocker (level 9, -6/57 HPs)
             Began as a Gargoyle Fighter on June 19, 2018.
             Was a Follower of Makhleb.
             Splashed by an orc wizard's acid (8 damage)
             ... on level 8 of the Dungeon.
             The game lasted 00:21:34 (7958 turns).

Kohma the Blocker (Gargoyle Fighter)                Turns: 7958, Time: 00:21:35

Health: -6/57      AC: 23    Str: 22    XL:     9   Next: 64%
Magic:  9/9        EV:  8    Int: 10    God:    Makhleb [*.....]
Gold:   376        SH: 11    Dex:  9    Spells: 8/8 levels left

rFire    + . .     SeeInvis .   w - +4 mace
rCold    . . .     Gourm    .   c - +0 shield
rNeg     + . .     Faith    +   h - +6 scale mail
rPois    ∞         Spirit   .   m - +2 helmet
rElec    +         Reflect  .   (no cloak)
rCorr    .         Harm     .   (no gloves)
MR       +....                  (no boots)
Stlth    ..........             u - amulet of faith
HPRegen  0.19/turn              t - ring of protection from magic
MPRegen  0.11/turn              g - ring of protection from fire

@: no status effects
A: negative energy resistance 1, electricity resistance, unbreathing,
petrification resistance, rot immunity, AC +6
a: Renounce Religion


You were on level 8 of the Dungeon.
You worshipped Makhleb.
Makhleb was aware of your devotion.
You were not hungry.

You visited 2 branches of the dungeon, and saw 9 of its levels.

You collected 376 gold pieces.

Inventory:

Hand Weapons
 a - a +1 flail
 w - a +4 mace (weapon)
 D - a +1 whip of holy wrath
Missiles
 r - 37 bolts
Armour
 c - a +0 shield (worn)
 h - a +6 scale mail (worn)
 m - a +2 helmet (worn)
Jewellery
 g - a ring of protection from fire (right hand)
 n - an uncursed ring of stealth
 t - a ring of protection from magic (left hand)
 u - an amulet of faith (around neck)
 C - a +5 ring of strength
Scrolls
 i - a scroll of enchant armour
 j - 2 scrolls of enchant weapon
 p - 4 scrolls of remove curse
 x - 3 scrolls of blinking
 y - 2 scrolls of teleportation
Potions
 b - a potion of lignification
 d - 2 potions of might
 e - 3 potions of haste
 k - 5 potions of curing
 o - a potion of flight {unknown}
 q - 5 potions of heal wounds
 v - a potion of brilliance
 z - a potion of agility {unknown}
 A - a potion of degeneration {unknown}
Miscellaneous
 s - a phantom mirror
Comestibles
 f - 14 rations
 l - 13 chunks of flesh


   Skills:
 + Level 7.2 Fighting
 * Level 7.2 Maces & Flails
 + Level 7.3 Armour
 * Level 8.2 Shields


You had 8 spell levels left.
You didn't know any spells.

Dungeon Overview and Level Annotations

Branches:
Dungeon (8/15)             Temple (1/1) D:7
   Lair: D:8-11

Altars:
Ashenzari
Cheibriados
Dithmenos
Fedhas
Kikubaaqudgha
Makhleb
Okawaru
Qazlal
Ru
Vehumet
Wu Jian
Xom
Yredelemnul
Zin
The Shining One

Shops:
D:8 *


Innate Abilities, Weirdness & Mutations

You are resistant to torment.
Your stone body is resilient. (AC +6)
You are immune to poison.
You resist negative energy. (rN+)
You are resistant to electric shocks. (rElec)
You can survive without breathing.
You are immune to petrification.
You are immune to rotting.


Message History

You feel better.
Reactivating autopickup.
You feel a bit more experienced.
The orc wizard gestures at you while chanting.
The magic dart hits you! You block the orc wizard's attack.
Items here: )) [[ † a dagger; a robe; a whip; a scale mail; an orc corpse Your shield and scale mail prevent you from hitting the orc wizard.
The orc wizard is heavily wounded.
The orc wizard zaps a wand.
The bolt of acid hits you!
You are splashed with acid!
The acid burns!
The orc wizard casts a spell.
The orc wizard blinks!
The orc wizard zaps a wand.
The bolt of acid hits you!
You are splashed with acid!
The acid burns!
* * * LOW HITPOINT WARNING * * *
The orc wizard zaps a wand.
The bolt of acid hits you!
* * * LOW HITPOINT WARNING * * *
You are splashed with acid!
The acid burns!
You die...

#.#.#
#####.#.#
#.......###
#.####....#
#....#..#.# #
#..o...# #.
###.....# #..
#⌠_..∩..#
#...###@....#
#....#).....#
#...#....#
#.......###.#
#######.# ..#
#.# ..# #.#
..# #.# #.#


You could see an orc wizard.

Vanquished Creatures
  The ghost of Gargoyl the Chopper, a novice CeAK of Lugonu (D:5)
  A hippogriff (D:7)
  Sigmund (D:4)
  The ghost of Brecoman the Ruffian, an amateur DrTm (D:3)
  A water moccasin (D:5)
  3 orc warriors
  An ice beast (D:8)
  A centaur (D:6)
  A big kobold (D:7)
  Blork the orc (D:5)
  3 bullfrogs
  A scorpion (D:4)
  A bullfrog zombie (D:7)
  A howler monkey (D:6)
  A crimson imp (D:7)
  A centaur zombie (D:6)
  2 orc priests
  2 hounds
  2 jellies
  A centaur skeleton (D:6)
  7 orc wizards
  A bullfrog skeleton (D:7)
  A worker ant (D:7)
  2 hound skeletons
  7 adders
  2 shadow imps (D:5)
  An ooze (D:3)
  An adder skeleton (D:4)
  4 worms
  4 dart slugs
  8 leopard geckos
  26 orcs
  7 giant cockroaches
  12 goblins
  10 hobgoblins
  9 jackals
  25 kobolds
  A quokka (D:5)
  2 ball pythons
  11 bats
  4 frilled lizards
  A leopard gecko skeleton (D:5)
  A leopard gecko zombie (D:5)
  7 rats
  7 plants (D:7)
188 creatures vanquished.

Vanquished Creatures (others)
  An orc wizard (D:7)
  2 plants (D:7)
3 creatures vanquished.

Grand Total: 191 creatures vanquished

Notes
Turn   | Place    | Note
-------+----------+-------------------------------------------
     0 | D:1      | Kohma the Gargoyle Fighter began the quest for the Orb.
     0 | D:1      | Reached XP level 1. HP: 14/14 MP: 1/1
   151 | D:1      | Reached XP level 2. HP: 13/19 MP: 2/2
   600 | D:1      | Reached XP level 3. HP: 23/23 MP: 3/3
  1345 | D:2      | Reached XP level 4. HP: 23/29 MP: 4/4
  1699 | D:2      | Found a blossoming altar of Fedhas.
  1972 | D:2      | You fall through a shaft!
  1986 | D:3      | Reached skill level 4 in Shields
  2007 | D:3      | Reached XP level 5. HP: 6/33 MP: 5/5
  2410 | D:3      | Found a snail-covered altar of Cheibriados.
  2423 | D:3      | Noticed Brecoman's ghost (amateur DrTm)
  2714 | D:3      | Killed Brecoman's ghost
  2714 | D:3      | Reached XP level 6. HP: 25/39 MP: 6/6
  2869 | D:3      | Found an iron altar of Okawaru.
  3397 | D:4      | Noticed Sigmund
  3434 | D:4      | Killed Sigmund
  3434 | D:4      | Reached skill level 5 in Fighting
  3434 | D:4      | Reached skill level 5 in Armour
  3434 | D:4      | Reached skill level 5 in Shields
  3434 | D:4      | Reached XP level 7. HP: 38/44 MP: 7/7
  3486 | D:4      | Found a shadowy altar of Dithmenos.
  4043 | D:4      | Found an ancient bone altar of Kikubaaqudgha.
  4321 | D:5      | Entered Level 5 of the Dungeon
  4428 | D:5      | Noticed Blork the orc
  4438 | D:5      | Killed Blork the orc
  4728 | D:5      | Noticed Gargoyl's ghost (novice CeAK)
  4789 | D:5      | Killed Gargoyl's ghost
  4789 | D:5      | Reached skill level 5 in Maces & Flails
  4789 | D:5      | Reached skill level 6 in Shields
  4789 | D:5      | Reached XP level 8. HP: 28/51 MP: 8/8
  4974 | D:5      | Found a glowing golden altar of the Shining One.
  5855 | D:6      | Reached skill level 7 in Shields
  5855 | D:6      | Reached XP level 9. HP: 56/56 MP: 9/9
  6962 | D:7      | Found a staircase to the Ecumenical Temple.
  6971 | Temple   | Entered the Ecumenical Temple
  6992 | Temple   | Became a worshipper of Makhleb the Destroyer
  7224 | D:7      | Reached * piety under Makhleb
  7403 | D:7      | Reached skill level 8 in Shields
  7913 | D:8      | Found Zin's Purification Station.
  7913 | D:8      | Found a glowing silver altar of Zin.
  7958 | D:8      | HP: 2/57 [orc wizard/wand of acid (3) (9)]
  7958 | D:8      | Splashed by an orc wizard's acid

Skill      XL: |  1  2  3  4  5  6  7  8  9 |
---------------+----------------------------+-----
Armour         | 4 5 6 7 |  7.3
Fighting       | 4 5 6 7 |  7.2
Shields        | 4 5 6 7 8 |  8.2
Maces & Flails | 3 4 5 6 7 |  7.2

Action                   |  1- 3 |  4- 6 |  7- 9 || total
-------------------------+-------+-------+-------++-------
Melee: Flail             |   201 |   242 |   206 ||   649
       Mace              |       |       |   354 ||   354
  Use: Scroll            |       |    13 |     5 ||    18
       Potion            |       |     1 |     1 ||     2
  Eat: Chunk             |     2 |     7 |    10 ||    19
       Ration            |       |       |     2 ||     2
Armor: Scale mail        |   168 |   147 |   226 ||   541
Dodge: Dodged            |    95 |    89 |    94 ||   278
Block: Shield            |   125 |   137 |   230 ||   492
